 Dungeon Sprint DCSS version 0.26-a0-665-gefeb406119 (webtiles) character file.

Game seed: 6202911193216218545

335058 mhtbhm the Petrodigitator (level 19, -2/89 HPs)
             Began as a Gargoyle Earth Elementalist on Oct 13, 2020.
             Was the Champion of Vehumet.
             Slain by an acid blob (16 damage)
             ... created by the Royal Jelly
             ... in the Dungeon (Sprint III: "The Ten Rune Challenge").
             The game lasted 01:06:44 (15139 turns).

mhtbhm the Petrodigitator (GrEE)                   Turns: 15139, Time: 01:06:44

Health: -2/89      AC: 38    Str: 12    XL:     19   Next: 77%
Magic:  17/55      EV: 20    Int: 26    God:    Vehumet [******]
Gold:   1128       SH:  0    Dex: 10    Spells: 11/72 levels left

rFire    + + .     SeeInvis .   B - staff of fire
rCold    . . .     Faith    +   (no shield)
rNeg     + + +     Spirit   .   P - quicksilver dragon scales
rPois    ∞         Reflect  .   E - +2 hood of the Assassin {Detection Stab+ Stlth++}
rElec    +         Harm     .   p - +0 cloak
rCorr    .         Rampage  .   (no gloves)
MR       ++++.     NoTele   +   X - +2 pair of boots of the Nine Emperors {*Corrode rN+ MR++}
Stlth    ++++......             N - amulet "Buod Xej" {Faith Int+4}
HPRegen  0.24/turn              k - ring of protection from fire
MPRegen  0.34/turn              U - ring of positive energy

@: flying
A: big wings, high mp 1, negative energy resistance 1, electricity resistance,
weak 1, unbreathing, petrification resistance, rot immunity, AC +14
}: 6/10 runes: decaying, serpentine, silver, golden, bone, demonic
a: Stop Flying, Renounce Religion


You were in the Dungeon.
You worshipped Vehumet.
Vehumet was exalted by your worship.
You visited 1 branch You collected 2942 gold pieces.
You spent 1814 gold pieces at shops.

Inventory:

Hand Weapons
 a - a +3 quarterstaff of chaos
 W - the +7 demon whip of World's End {drain, rC+, unknown}
   (You found it in the Dungeon)

   A truly terrible weapon, it drains the life of those it strikes.
   It protects you from cold.
Missiles
 b - 47 stones
 g - 7 curare-tipped darts (quivered)
 o - 4 throwing nets
Armour
 c - a +2 robe of cold resistance
 n - a +1 pair of boots of running
 p - a +0 cloak (worn)
 E - the +2 hood of the Assassin (worn) {Detection Stab+ Stlth++}
   (You found it in the Dungeon)

   It makes you much more stealthy.
 P - quicksilver dragon scales (worn)
 R - a +2 hat of see invisible
 X - the +2 pair of boots of the Nine Emperors (worn) {*Corrode rN+ MR++}
   (You found it in the Dungeon)

   It protects you from negative energy.
   It affects your resistance to hostile enchantments.
   It may corrode you when you take damage.
Magical Staves
 z - an uncursed staff of earth
 B - an uncursed staff of fire (weapon)
 H - an uncursed staff of conjuration
Jewellery
 k - a ring of protection from fire (left hand)
 u - an uncursed amulet of reflection
 N - the amulet "Buod Xej" (around neck) {Faith Int+4}
   (You found it in the Dungeon)

   [amulet of faith]

   It allows you to gain divine favour quickly.
   It affects your intelligence (+4).
 U - a ring of positive energy (right hand)
Wands
 e - a wand of polymorph (5)
 A - a wand of iceblast (12)
 K - a wand of digging (3)
Scrolls
 i - 4 scrolls of enchant armour
 m - 4 scrolls of remove curse
 t - 6 scrolls of acquirement
 v - 3 scrolls of silence
 x - 3 scrolls of amnesia
 D - 3 scrolls of fog
 F - 2 scrolls of torment
 G - a scroll of enchant weapon
 J - a scroll of magic mapping
 T - a scroll of immolation
Potions
 d - 9 potions of curing
 f - 2 potions of haste
 h - 2 potions of berserk rage
 j - 2 potions of stabbing
 l - a potion of lignification {unknown}
 q - 5 potions of mutation
 r - 2 potions of might
 L - 6 potions of heal wounds
 M - a potion of invisibility
 Q - a potion of resistance
Miscellaneous
 s - a phantom mirror
 y - a condenser vane (2/2)
 C - a tin of tremorstones (3/3)
 I - a phantom mirror
 O - a lightning rod (4/4)
 V - the horn of Geryon


   Skills:
 + Level 11.2 Staves
 - Level 1.8 Throwing
 + Level 17.6 Armour
 + Level 21.2 Dodging
 - Level 3.8 Stealth
 O Level 27 Spellcasting
 O Level 27 Conjurations
 - Level 4.6 Transmutations
 O Level 27 Fire Magic
 O Level 27 Earth Magic
 + Level 14.4 Evocations


You had 11 spell levels left.
You knew the following spells:

 Your Spells              Type           Power        Failure   Level
a - Sandblast             Erth           ######       0%          1
b - Passwall              Tmut/Erth      #######.     0%          2
c - Stone Arrow           Conj/Erth      ######       0%          3
d - Lee's Rapid Deconstr  Erth           ########..   0%          5
e - Petrify               Tmut/Erth      #######.     1%          4
f - Bolt of Magma         Conj/Fire/Erth ########..   0%          5
g - Iron Shot             Conj/Erth      ########..   0%          6
h - Sticky Flame          Conj/Fire      ########     0%          4
i - Shatter               Erth           ########..   1%          9
j - Ignition              Fire           ########..   1%          8
k - Fire Storm            Conj/Fire      ########..   1%          9
l - Fireball              Conj/Fire      ########..   0%          5

Your spell library contained the following spells:

 Spells                   Type           Power        Failure   Level
 Foxfire                  Conj/Fire      ####         0%          1
 Shock                    Conj/Air       ####         0%          1
 Conjure Flame            Conj/Fire      ########     0%          3
 Inner Flame              Hex/Fire       ########     0%          3
 Static Discharge         Conj/Air       #######.     0%          3
 Animate Skeleton         Necr           #####.       1%          1
 Apportation              Tloc           #####.       1%          1
 Corona                   Hex            #####..      1%          1
 Pain                     Necr           ####         1%          1
 Summon Small Mammal      Summ           ####         1%          1
 Blink                    Tloc           N/A          1%          2
 Swiftness                Air            #####...     1%          2
 Leda's Liquefaction      Hex/Erth       #######...   1%          4
 Lightning Bolt           Conj/Air       #######...   1%          5
 Airstrike                Air            #####.....   3%          4
 Confusing Touch          Hex            #####...     4%          3
 Gell's Gravitas          Tloc           #####.....   4%          3
 Lesser Beckoning         Tloc           #####.....   4%          3
 Teleport Other           Tloc           #####...     4%          3
 Vampiric Draining        Necr           #####.....   4%          3
 Yara's Violent Unravell  Hex/Tmut       #####.....   4%          5
 Dispel Undead            Necr           #####...     13%         4
 Passage of Golubria      Tloc           N/A          13%         4
 Metabolic Englaciation   Hex/Ice        #####.....   36%         5
 Death Channel            Necr           #####.....   90%         6
 Dispersal                Tloc           #####.....   90%         6
 Malign Gateway           Summ/Tloc      #####.....   100%        7
 Monstrous Menagerie      Summ           #####.....   100%        7
 Summon Greater Demon     Summ           #####.....   100%        7
 Summon Horrible Things   Summ           #####.....   100%        8
 Statue Form              Tmut/Erth      Unusable     N/A         6

Dungeon Overview and Level Annotations

Branches:
Dungeon (1/1)

Altars:
Cheibriados
Dithmenos
Elyvilon
Fedhas
Gozag
Hepliaklqana
Kikubaaqudgha
Makhleb
Nemelex Xobeh
Okawaru
Qazlal
Ru
Sif Muna
Trog
Uskayaw
Vehumet
Wu Jian
Xom
Yredelemnul
Zin
The Shining One
Beogh
Jiyva
Lugonu

Shops:
D [!==(?=!}!}!!![:}[([=}?

Annotations:
D Dispater, Royal Jelly


Innate Abilities, Weirdness & Mutations

You are resistant to torment.
Your stone body is resilient. (AC +14)
You are immune to poison.
Your large and strong wings let you fly indefinitely.
You resist negative energy. (rN+)
You are resistant to electric shocks. (rElec)
You can survive without breathing.
You are immune to petrification.
You are immune to rotting.
You have an increased reservoir of magic. (+10% MP)
You are weak. (Str -2)


Message History

Dispater is severely wounded.
The azure jelly is almost dead.
The azure jelly is moderately wounded.
You kill the azure jelly!
Vehumet accepts your kill.
You feel your power returning.
You destroy the death ooze!
That felt strangely unrewarding.
You kill the floating eye!
Vehumet accepts your kill.
You feel your power returning.
You kill the floating eye!
Vehumet accepts your kill.
You feel your power returning.
Ka-crash!
The Royal Jelly shudders vigorously.
The Royal Jelly spits out two more jellies.
The Royal Jelly hits you but does no damage. x2
The acid blob hits you!
You die...

*,,,,***,,,,* ♣♣.♣♣.≈...♣
**,,,...,,,** ♣♣..♣♣♣♣♣♣.♣ #
**,,....,** ♣.≈.≈†°°○≈.♣ #
***._..## ♣.P..≈≈≈..≈♣ #
*......# # ♣.♣≈..°.≈.≈♣ #
.....J.#. ♣♣♣♣♣♣♣♣∩∩∩♣ #
#...JJJ# ♣♣♣♣♣
#####..#..JJJ#**************#
#.'......JJJ@#*≈{,,,,,,,,,,*#
#.#....^.#J#1#*≈≈,,,,,,*****#
#.###...#^^.&.*≈≈≈≈,,,,≈≈≈≈*#
#.#.)##..,^...#,≈≈≈≈≈≈≈≈≈≈,*#
#.#.[#..#...:..,≈≈≈≈≈≈≈≈≈≈,*#
#.'.......|}φ.#.,,≈≈≈≈≈≈,,,*#
######'..#....#.,,,,≈≈,,,,,*#
##.#.#..#......,§,,,,,,,,,,*#
#..^..^..^..^#*8,,,,,,,,,,8*#


You could see Dispater, the Royal Jelly, a Hell Sentinel, 5 acid blobs and 5
azure jellies.

Vanquished Creatures
  Gloorx Vloq (D)
  Khufu (D)
  Mara (D)
  Mennas (D)
  8 greater mummies (D)
  Boris (D)
  Frederick (D)
  2 golden dragons (D)
  Geryon (D)
  Nikola (D)
  2 bone dragons (D)
  An iron giant (D)
  Nellie (D)
  2 Hell Sentinels (D)
  A lich (D)
  A deep elf blademaster (D)
  Rupert (D)
  3 acid blobs (D)
  A quicksilver dragon (D)
  An Executioner (D)
  2 sphinxes (D)
  Gastronok (D)
  Chuck (D)
  Dowan (D)
  An ancient champion (D)
  4 shadow dragons (D)
  Roxanne (D)
  A nagaraja (D)
  A fire giant (D)
  2 draconian knights (D)
  A frost giant (D)
  5 azure jellies (D)
  An iron dragon (D)
  3 ghost moths (D)
  3 war gargoyles (D)
  4 vampire knights (D)
  3 stone giants (D)
  Nessos (D)
  A deep elf annihilator (D)
  2 dire elephants (D)
  3 deep elf demonologists (D)
  Azrael (D)
  A fire dragon (D)
  A deep elf death mage (D)
  10 mummy priests (D)
  A fire dragon (shapeshifter) (D)
  4 death oozes (D)
  3 yaktaur captains (D)
  A deep elf high priest (D)
  Erolcha (D)
  2 hell beasts (D)
  17 vault guards (D)
  A naga warrior (D)
  3 hydras (D)
  2 iron elementals (D)
  2 centaur warriors (D)
  3 anacondas (D)
  4 dancing weapons (D)
  An ogre mage (D)
  4 orc high priests (D)
  4 death yaks (D)
  Urug (D)
  3 titan zombies (D)
  An iron golem (D)
  2 soul eaters (D)
  2 sun demons (D)
  2 deep elf knights (D)
  9 skeletal warriors (D)
  A shadow wraith (D)
  A spriggan druid (D)
  An anaconda zombie (D)
  A spectral hydra (D)
  3 death drakes (D)
  A golden dragon zombie (D)
  A spectral iron dragon (D)
  2 obsidian statues (D)
  An orange crystal statue (D)
  2 orc knights (D)
  2 oklob plants (D)
  3 ugly things (D)
  5 deep elf magi (D)
  A lindwurm (D)
  4 crystal guardians (D)
  2 shining eyes (shapeshifter) (D)
  An iron troll simulacrum (D)
  2 elephants (D)
  A manticore (shapeshifter) (D)
  A stone giant skeleton (D)
  3 rust devils (D)
  A molten gargoyle (D)
  A water nymph (shapeshifter) (D)
  7 black mambas (D)
  8 statues (D)
  A guardian serpent (D)
  Duvessa (D)
  2 cane toads (D)
  A rime drake (D)
  14 yaktaurs (D)
  A komodo dragon (D)
  33 guardian mummies (D)
  2 ice devils (D)
  A queen bee (D)
  4 spriggan defenders (D)
  3 hornets (D)
  2 tyrant leeches (D)
  3 wandering mushrooms (D)
  8 blink frogs (D)
  11 slime creatures (D)
  11 shadows (D)
  5 redbacks (D)
  2 spriggans (D)
  A spatial vortex (D)
  2 nagas (D)
  A hydra simulacrum (D)
  3 floating eyes (D)
  5 water moccasins (D)
  An orc warrior (D)
  A swamp drake (D)
  A fire dragon simulacrum (D)
  A necrophage (D)
  A black mamba simulacrum (D)
  3 swamp dragon skeletons (D)
  5 two-headed ogres (D)
  A water elemental (D)
  32 killer bees (D)
  5 electric eels (D)
  15 quasits (D)
  A jelly (D)
  Crazy Yiuf (D)
  6 orc priests (D)
  A wizard (D)
  2 orc wizards (D)
  Jessica (D)
  4 necromancers (D)
  A polar bear simulacrum (D)
  A kobold demonologist (D)
  3 humans (D)
  6 adders (D)
  2 adder zombies (D)
  An adder simulacrum (D)
  8 orcs (D)
  A bat simulacrum (D)
  2 giant cockroach zombies (D)
  3 rats (D)
  A ballistomycete spore (D)
  9 butterflies (D)
  A fire vortex (D)
  A plant (D)
455 creatures vanquished.

Vanquished Creatures (collateral kills)
  A greater mummy (D)
  A storm dragon (D)
  A war gargoyle (D)
3 creatures vanquished.

Vanquished Creatures (others)
  3 ball lightnings (D)
  4 ballistomycete spores (D)
  A bush (D)
  14 fire vortices (D)
  28 plants (D)
50 creatures vanquished.

Grand Total: 508 creatures vanquished

Notes
Turn   | Place    | Note
-------+----------+-------------------------------------------
     0 | D        | mhtbhm the Gargoyle Earth Elementalist began the quest for
                  | the Orb.
     0 | D        | Reached XP level 1. HP: 10/10 MP: 3/3
    42 | D        | Noticed Jessica
    60 | D        | Killed Jessica
    60 | D        | Reached XP level 2. HP: 13/15 MP: 0/6
    60 | D        | Reached XP level 3. HP: 16/19 MP: 0/7
   134 | D        | Learned a level 2 spell: Passwall
   138 | D        | Learned a level 3 spell: Stone Arrow
   166 | D        | Gained mutation: You are weak. (Str -2) [potion of
                  | mutation]
   166 | D        | Gained mutation: You have an increased reservoir of magic.
                  | (+10% MP) [potion of mutation]
   185 | D        | Noticed Crazy Yiuf
   274 | D        | Killed Crazy Yiuf
   274 | D        | Reached skill level 1 in Transmutations
   274 | D        | Reached XP level 4. HP: 24/24 MP: 4/11
   334 | D        | Noticed a water elemental
   338 | D        | Killed a water elemental
   338 | D        | Reached skill level 5 in Spellcasting
   338 | D        | Reached XP level 5. HP: 12/28 MP: 7/13
   516 | D        | Learned a level 5 spell: Lee's Rapid Deconstruction
   581 | D        | Found a radiant altar of Vehumet.
   581 | D        | Found a shimmering blue altar of Sif Muna.
   581 | D        | Found an ancient bone altar of Kikubaaqudgha.
   582 | D        | Reached skill level 10 in Earth Magic
   596 | D        | Became a worshipper of Vehumet
   604 | D        | Learned a level 4 spell: Petrify
   693 | D        | Found a basalt altar of Yredelemnul.
   693 | D        | Found a shadowy altar of Dithmenos.
   693 | D        | Found a sacrificial altar of Ru.
   693 | D        | Noticed a necrophage
   695 | D        | Killed a necrophage
   695 | D        | Reached XP level 6. HP: 32/32 MP: 6/17
   800 | D        | Found a hide-covered altar of Uskayaw.
   800 | D        | Found a roughly hewn altar of Beogh.
   800 | D        | Found an iron altar of Okawaru.
   800 | D        | Found a bloodstained altar of Trog.
   800 | D        | Found an ornate altar of the Wu Jian Council.
   800 | D        | Noticed a human
   800 | D        | Noticed a human
   803 | D        | Killed a human
   803 | D        | Reached * piety under Vehumet
   803 | D        | Offered knowledge of Magic Dart by Vehumet.
   803 | D        | Reached XP level 7. HP: 36/36 MP: 2/20
   803 | D        | Killed a human
   916 | D        | Found a glowing silver altar of Zin.
   916 | D        | Found a glowing golden altar of the Shining One.
   916 | D        | Found a white marble altar of Elyvilon.
   916 | D        | Noticed a deep elf mage
   919 | D        | Killed a deep elf mage
   919 | D        | Reached skill level 10 in Spellcasting
   919 | D        | Reached XP level 8. HP: 41/41 MP: 10/24
  1004 | D        | Noticed a shadow
  1008 | D        | Offered knowledge of Shock by Vehumet.
  1008 | D        | Reached ** piety under Vehumet
  1009 | D        | Killed a shadow
  1080 | D        | Found a blossoming altar of Fedhas.
  1080 | D        | Found a stormy altar of Qazlal.
  1080 | D        | Found a snail-covered altar of Cheibriados.
  1080 | D        | Found a burning altar of Makhleb.
  1080 | D        | Found a shimmering altar of Xom.
  1081 | D        | Found a hazy altar of Hepliaklqana.
  1081 | D        | Found an opulent altar of Gozag.
  1081 | D        | Found a sparkling altar of Nemelex Xobeh.
  1081 | D        | Found a corrupted altar of Lugonu.
  1081 | D        | Found a viscous altar of Jiyva.
  1085 | D        | Reached skill level 15 in Earth Magic
  1179 | D        | Offered knowledge of Ignite Poison by Vehumet.
  1180 | D        | Reached *** piety under Vehumet
  1299 | D        | Noticed Erolcha
  1300 | D        | Noticed a two-headed ogre
  1302 | D        | Killed a redback
  1302 | D        | Reached XP level 9. HP: 45/45 MP: 12/26
  1303 | D        | Killed Erolcha
  1304 | D        | Reached **** piety under Vehumet
  1305 | D        | Killed a two-headed ogre
  1307 | D        | Noticed a two-headed ogre
  1324 | D        | Killed a two-headed ogre
  1534 | D        | Noticed a wandering mushroom
  1542 | D        | Noticed a wandering mushroom
  1546 | D        | Killed a wandering mushroom
  1546 | D        | Offered knowledge of Fulminant Prism by Vehumet.
  1546 | D        | Reached XP level 10. HP: 50/50 MP: 20/30
  1553 | D        | Reached ***** piety under Vehumet
  1666 | D        | Reached skill level 1 in Conjurations
  1726 | D        | Noticed an orc high priest
  1730 | D        | Offered knowledge of Sticky Flame by Vehumet.
  1730 | D        | Noticed an orc knight
  1733 | D        | Killed an orc high priest
  1734 | D        | Noticed an orc high priest
  1736 | D        | Killed an orc knight
  1736 | D        | Reached ****** piety under Vehumet
  1737 | D        | Killed an orc high priest
  1740 | D        | Noticed an orc high priest
  1755 | D        | Killed an orc high priest
  1755 | D        | Reached skill level 15 in Spellcasting
  1806 | D        | Found Ynoll's Jewellery Shop.
  1980 | D        | Bought an uncursed ring of flight for 210 gold pieces
  1980 | D        | Bought an uncursed amulet of reflection for 360 gold pieces
  1992 | D        | Noticed a deep elf mage
  1992 | D        | Noticed a deep elf knight
  1992 | D        | Noticed a deep elf mage
  1992 | D        | Noticed a deep elf mage
  1992 | D        | Noticed a deep elf mage
  1999 | D        | Killed a deep elf mage
  1999 | D        | Offered knowledge of Bolt of Magma by Vehumet.
  1999 | D        | Reached XP level 11. HP: 54/54 MP: 18/33
  1999 | D        | Killed a deep elf knight
  2003 | D        | Killed a deep elf mage
  2003 | D        | Killed a deep elf mage
  2004 | D        | Killed a deep elf mage
  2103 | D        | Learned a level 5 spell: Bolt of Magma
  2104 | D        | Noticed a deep elf demonologist
  2104 | D        | Noticed a deep elf high priest
  2172 | D        | Killed a deep elf high priest
  2172 | D        | Noticed a deep elf demonologist
  2174 | D        | Killed a deep elf demonologist
  2174 | D        | Offered knowledge of Iron Shot by Vehumet.
  2176 | D        | Identified the cursed ring "Pymiese" {rPois rC+ EV-4 Dex+4}
  2176 | D        | Noticed a deep elf annihilator
  2179 | D        | Killed a deep elf annihilator
  2180 | D        | Noticed a deep elf demonologist
  2315 | D        | Killed a deep elf demonologist
  2318 | D        | Noticed a deep elf blademaster
  2318 | D        | Noticed a deep elf death mage
  2320 | D        | Killed a deep elf death mage
  2362 | D        | Killed a deep elf demonologist
  2362 | D        | Reached XP level 12. HP: 59/59 MP: 22/37
  2426 | D        | Learned a level 6 spell: Iron Shot
  2436 | D        | Killed a deep elf blademaster
  2467 | D        | Found the +2 hood of the Assassin {Detection Stab+ Stlth++}
  2468 | D        | Got a clouded crystal amulet
  2469 | D        | Identified the Grimoire of Torrid Dark Magic
  2591 | D        | Identified the amulet of Duidul {Spirit rElec rF+} (You
                  | found it in the Dungeon)
  2619 | D        | Offered knowledge of Spellforged Servitor by Vehumet.
  2627 | D        | Reached skill level 1 in Evocations
  2728 | D        | Learned a level 4 spell: Sticky Flame
  2744 | D        | Noticed Dowan
  2744 | D        | Noticed Duvessa
  2752 | D        | Killed Duvessa
  2766 | D        | Killed Dowan
  2766 | D        | Offered knowledge of Fireball by Vehumet.
  3145 | D        | Offered knowledge of Conjure Ball Lightning by Vehumet.
  3236 | D        | Reached XP level 13. HP: 63/63 MP: 15/40
  3361 | D        | Found Okhapn's Magic Scroll Shoppe.
  3361 | D        | Found Wausecku's Antique Armour Emporium.
  3361 | D        | Found Ceotzori's Book Boutique.
  3361 | D        | Found Tapnuoc's Antique Weapon Emporium.
  3361 | D        | Found Jyxking's Gadget Shop.
  3361 | D        | Found Cuybrida's Gadget Boutique.
  3361 | D        | Found Suxtej's Armour Shoppe.
  3361 | D        | Found Caucos's Jewellery Emporium.
  3361 | D        | Found Baurrub's Distillery.
  3361 | D        | Found Loratrui's Antique Armour Boutique.
  3361 | D        | Found Nyahotes's Distillery.
  3413 | D        | Bought 2 potions of heal wounds for 100 gold pieces
  3413 | D        | Bought a potion of heal wounds for 50 gold pieces
  3413 | D        | Bought a potion of heal wounds for 50 gold pieces
  3414 | D        | Bought a potion of haste for 120 gold pieces
  3430 | D        | Bought a scroll of magic mapping for 38 gold pieces
  3430 | D        | Bought a scroll of holy word for 82 gold pieces
  3497 | D        | Offered knowledge of Orb of Destruction by Vehumet.
  3609 | D        | Found the +7 great mace "Undeadhunter" {disrupt, rN+}
  3702 | D        | Noticed a fire dragon
  3711 | D        | Killed a fire dragon
  3812 | D        | Noticed an ettin
  3812 | D        | a wolf spider changed into an ettin
  3813 | D        | Noticed a fire dragon
  3813 | D        | an ettin changed into a fire dragon
  3816 | D        | Killed a fire dragon
  3877 | D        | Offered knowledge of Lehudib's Crystal Spear by Vehumet.
  4126 | D        | Noticed a yaktaur captain
  4140 | D        | Killed a yaktaur captain
  4381 | D        | Noticed Chuck
  4385 | D        | Killed Chuck
  4385 | D        | Offered knowledge of Fire Storm by Vehumet.
  4385 | D        | Offered knowledge of Shatter by Vehumet.
  4385 | D        | Offered knowledge of Ignition by Vehumet.
  4438 | D        | Learned a level 9 spell: Shatter
  4447 | D        | Learned a level 8 spell: Ignition
  4581 | D        | Noticed Frederick
  4585 | D        | Killed Frederick
  4585 | D        | Reached skill level 5 in Conjurations
  4669 | D        | Noticed a lich
  4672 | D        | Killed a lich
  4672 | D        | Gained mutation: Your large and strong wings let you fly
                  | indefinitely. [Gargoyle growth]
  4672 | D        | Reached XP level 14. HP: 29/68 MP: 28/44
  5132 | D        | Noticed Azrael
  5135 | D        | Killed Azrael
  5497 | D        | Killed Urug
  5535 | D        | Reached skill level 27 in Earth Magic
  5941 | D        | Noticed a nagaraja
  5948 | D        | Killed a nagaraja
  6079 | D        | Found Opuurch's Jewellery Shop.
  6079 | D        | Found Vuacaiji's Antique Weapon Shoppe.
  6083 | D        | Found Dutag's Magic Scroll Boutique.
  6105 | D        | Got a serpentine rune of Zot
  6208 | D        | Identified Vuanarei's Compendium of Translocation and
                  | Stolen Souls
  6399 | D        | Bought a potion of curing for 36 gold pieces
  6400 | D        | Bought a potion of haste for 100 gold pieces
  6400 | D        | Bought a potion of invisibility for 80 gold pieces
  6535 | D        | Reached skill level 1 in Fire Magic
  6731 | D        | Noticed a shadow dragon
  6732 | D        | Noticed a shadow dragon
  6741 | D        | Killed a shadow dragon
  6741 | D        | Reached skill level 5 in Dodging
  6988 | D        | Killed a shadow dragon
  7270 | D        | Noticed a quicksilver dragon
  7270 | D        | Noticed a shadow dragon
  7270 | D        | Noticed a golden dragon
  7270 | D        | Noticed a fire giant
  7270 | D        | Noticed a golden dragon
  7270 | D        | Noticed a stone giant
  7270 | D        | Noticed a frost giant
  7273 | D        | Reached skill level 5 in Fire Magic
  7273 | D        | Reached XP level 15. HP: 72/72 MP: 48/48
  7273 | D        | Killed a quicksilver dragon
  7273 | D        | Killed a frost giant
  7274 | D        | Killed a fire giant
  7274 | D        | Killed a shadow dragon
  7274 | D        | Reached skill level 10 in Conjurations
  7274 | D        | Noticed a shadow dragon
  7276 | D        | Killed a golden dragon
  7276 | D        | Reached skill level 10 in Fire Magic
  7297 | D        | Killed a golden dragon
  7297 | D        | Reached skill level 27 in Spellcasting
  7302 | D        | Killed a shadow dragon
  7370 | D        | Got a silver rune of Zot
  7395 | D        | Got a warped emerald amulet
  7510 | D        | Identified the amulet "Buod Xej" {Faith Int+4} (You found
                  | it in the Dungeon)
  7869 | D        | Noticed Rupert
  7875 | D        | Killed Rupert
  7966 | D        | Reached XP level 16. HP: 76/76 MP: 42/51
  8059 | D        | Noticed an azure jelly
  8059 | D        | Noticed an azure jelly
  8060 | D        | Noticed an azure jelly
  8060 | D        | Noticed an azure jelly
  8066 | D        | Killed an azure jelly
  8066 | D        | Reached skill level 5 in Evocations
  8066 | D        | Killed an azure jelly
  8066 | D        | Killed an azure jelly
  8066 | D        | Killed an azure jelly
  8156 | D        | Noticed Gastronok
  8162 | D        | Killed Gastronok
  8162 | D        | Reached skill level 15 in Conjurations
  8162 | D        | Reached skill level 15 in Fire Magic
  8265 | D        | Learned a level 9 spell: Fire Storm
  8466 | D        | Found Poiptite's Antique Armour Shoppe.
  8466 | D        | Found Rurritys's Distillery.
  8466 | D        | Found Saorehac's Jewellery Emporium.
  8544 | D        | Bought a potion of heal wounds for 65 gold pieces
  8559 | D        | Got a decaying rune of Zot
  8663 | D        | Found a blossoming altar of Fedhas.
  8758 | D        | Noticed Nellie
  8765 | D        | Killed Nellie
  8837 | D        | Got a demonic rune of Zot
  8941 | D        | Paralysed by a vampire knight for 7 turns
  8949 | D        | HP: 3/76 [vampire knight/+2 vorpal great sword (3)]
  8951 | D        | Paralysed by a vampire knight for 6 turns
  9263 | D        | Noticed a bone dragon
  9283 | D        | Killed a bone dragon
  9491 | D        | Noticed a bone dragon
  9507 | D        | Killed a bone dragon
 10100 | D        | Noticed a sphinx
 10100 | D        | Noticed a sphinx
 10103 | D        | Killed a sphinx
 10103 | D        | Paralysed by a sphinx for 4 turns
 10108 | D        | Killed a sphinx
 10834 | D        | Acquired a +1 pair of boots of running
 10850 | D        | Reached XP level 17. HP: 80/80 MP: 52/52
 10852 | D        | Noticed a greater mummy
 10853 | D        | Noticed a greater mummy
 10856 | D        | Killed a greater mummy
 10858 | D        | Killed a greater mummy
 11089 | D        | Found the +18 shield of the Gong {rElec rN+ MR+ EV-5}
 11095 | D        | Got a golden rune of Zot
 11108 | D        | Got a scorched bronze amulet
 11118 | D        | Got a warped demon whip
 11122 | D        | Got a pair of twisted boots
 11128 | D        | Identified the +2 pair of boots of the Nine Emperors
                  | {*Corrode rN+ MR++} (You found it in the Dungeon)
 11138 | D        | Identified the amulet "Agiemu Bugoy" {Inacc MR+ Int+4} (You
                  | found it in the Dungeon)
 11147 | D        | Learned a level 5 spell: Fireball
 11497 | D        | Found Bynea's Gadget Emporium.
 11497 | D        | Found Leujamp's Gadget Shop.
 11497 | D        | Found Diraom's Distillery.
 11497 | D        | Found Toligeof's Distillery.
 11542 | D        | Bought a potion of heal wounds for 55 gold pieces
 11542 | D        | Bought a potion of heal wounds for 55 gold pieces
 11542 | D        | Bought a potion of haste for 110 gold pieces
 11543 | D        | Bought a potion of magic for 88 gold pieces
 11543 | D        | Bought a potion of heal wounds for 55 gold pieces
 11543 | D        | Bought a potion of haste for 110 gold pieces
 11546 | D        | Identified Roxanne's Reference Book on the Rocks
 11546 | D        | Noticed Roxanne
 11551 | D        | Killed Roxanne
 11687 | D        | Found Cieptoz's Distillery.
 11771 | D        | Bought a potion of heal wounds for 50 gold pieces
 11830 | D        | Noticed Nikola
 11834 | D        | Killed Nikola
 12138 | D        | Reached skill level 27 in Fire Magic
 12190 | D        | Noticed Mara
 12192 | D        | Reached skill level 1 in Staves
 12193 | D        | Reached skill level 10 in Dodging
 12193 | D        | Noticed an ancient champion
 12196 | D        | Killed Mara
 12202 | D        | Killed an ancient champion
 12498 | D        | Reached skill level 5 in Staves
 12596 | D        | Killed an Executioner
 12596 | D        | Reached XP level 18. HP: 85/85 MP: 47/53
 12615 | D        | Noticed Nessos
 12617 | D        | Killed Nessos
 12703 | D        | Noticed Geryon
 12715 | D        | Killed Geryon
 12868 | D        | Noticed a greater mummy
 12868 | D        | Noticed a greater mummy
 12868 | D        | Noticed a greater mummy
 12870 | D        | Reached skill level 15 in Dodging
 12873 | D        | Killed a greater mummy
 12873 | D        | Killed a greater mummy
 12874 | D        | Killed a greater mummy
 12874 | D        | Reached skill level 5 in Armour
 13218 | D        | Noticed Gloorx Vloq
 13338 | D        | Noticed a greater mummy
 13342 | D        | Killed a greater mummy
 13350 | D        | Killed Gloorx Vloq
 13510 | D        | Noticed a greater mummy
 13522 | D        | Killed a greater mummy
 13669 | D        | Reached skill level 10 in Staves
 13675 | D        | Reached skill level 10 in Armour
 13824 | D        | Identified the cursed +1 battleaxe of the Final Chapter
                  | {pain, Str+3}
 13824 | D        | Noticed Khufu
 13825 | D        | Noticed a greater mummy
 13828 | D        | Noticed a greater mummy
 13828 | D        | Killed a greater mummy
 13828 | D        | Reached XP level 19. HP: 57/89 MP: 29/55
 13831 | D        | Killed Khufu
 13831 | D        | Reached skill level 10 in Evocations
 13833 | D        | Killed a greater mummy
 14005 | D        | Got a bone rune of Zot
 14064 | D        | Noticed an iron giant
 14101 | D        | HP: 3/89 [iron giant/iron shot (47)]
 14143 | D        | Killed an iron giant
 14357 | D        | Reached skill level 1 in Throwing
 14453 | D        | Noticed a Hell Sentinel
 14460 | D        | Killed a Hell Sentinel
 14672 | D        | Noticed Mennas
 14680 | D        | Killed Mennas
 14680 | D        | Reached skill level 15 in Armour
 14680 | D        | Reached skill level 27 in Conjurations
 14902 | D        | Killed Boris
 15130 | D        | Noticed a Hell Sentinel
 15130 | D        | Identified the +4 staff of Dispater
 15130 | D        | Noticed Dispater
 15132 | D        | Noticed a Hell Sentinel
 15132 | D        | Noticed a Hell Sentinel
 15132 | D        | Noticed the Royal Jelly
 15134 | D        | Killed a Hell Sentinel
 15135 | D        | Found a viscous altar of Jiyva.
 15139 | D        | Slain by an acid blob

Illustrated notes

Levels and vault maps discovered:
D:        dungeon_sprint_mu [sprint_mu_entry_cave, sprint_mu_temple_rooms,
          sprint_mu_d1_spiders, sprint_mu_d2_genie, sprint_mu_d3_branching,
          sprint_mu_orc_legion, sprint_mu_elf_gauntlet, sprint_mu_hive_nellie,
          sprint_mu_lair_fedhas, sprint_mu_vaults_butterflies,
          sprint_mu_slime_circle, sprint_mu_swamp_cave, sprint_mu_snake_twists,
          sprint_mu_blade_basic, sprint_mu_crypt_chambers,
          sprint_mu_tomb_spiral, sprint_mu_vestibule_basic,
          sprint_mu_gehenna_hellfire, sprint_mu_dis_giant,
          sprint_mu_tartarus_statrot, sprint_mu_cocytus_islands, sprint_mu_zot1]

Skill      XL: |  1  2  3  4  5  6  7  8  9 10 11 12 13 14 15 16 17 18 19 |
---------------+----------------------------------------------------------+-----
Earth Magic    | 6 8 9 11 12 14 15 17 19 21 23 26 27 | 27.0
Dodging        | 2 3 4 5 6 8 13 18 21 | 21.2
Spellcasting   | 3 4 5 6 8 10 11 13 15 17 19 22 25 27 | 27.0
Stealth        | 3 |  3.8
Transmutations | 1 2 4 |  4.6
Conjurations   | 3 4 5 8 13 17 19 25 27 | 27.0
Evocations     | 1 2 3 4 6 8 9 14 | 14.4
Fire Magic     | 5 13 22 27 | 27.0
Staves         | 5 10 11 | 11.2
Armour         | 11 17 | 17.6
Throwing       | 1 |  1.8

Action                   |  1- 3 |  4- 6 |  7- 9 | 10-12 | 13-15 | 16-18 | 19-21 || total
-------------------------+-------+-------+-------+-------+-------+-------+-------++-------
Melee: Quarterstaff      |       |     2 |     3 |       |       |       |       ||     5
       Staff             |       |       |       |     3 |     1 |    12 |       ||    16
Throw: Dart              |       |       |       |       |       |       |     4 ||     4
 Cast: Sandblast         |    15 |     5 |     5 |       |       |       |       ||    25
       Stone Arrow       |     1 |     2 |     4 |    11 |    25 |     8 |     2 ||    53
       Passwall          |     1 |       |       |     6 |     3 |       |       ||    10
       Lee's Rapid Decon |       |     5 |    20 |    83 |   129 |   170 |    53 ||   460
       Petrify           |       |       |       |     5 |     5 |     4 |       ||    14
       Bolt of Magma     |       |       |       |     3 |       |       |       ||     3
       Iron Shot         |       |       |       |     1 |    12 |    16 |     5 ||    34
       Shatter           |       |       |       |       |     5 |     3 |     7 ||    15
       Ignition          |       |       |       |       |       |    49 |    11 ||    60
       Sticky Flame      |       |       |       |       |       |     2 |       ||     2
       Fire Storm        |       |       |       |       |       |     7 |     2 ||     9
 Abil: Evoke Flight      |       |       |       |     2 |     1 |       |       ||     3
       Fly               |       |       |       |       |     1 |       |       ||     1
Evoke: Tin of tremorston |       |       |       |     5 |     6 |     3 |     2 ||    16
       Condenser vane    |       |       |       |       |     4 |     1 |     3 ||     8
       Wand              |       |       |       |       |       |     8 |     2 ||    10
       Lightning rod     |       |       |       |       |       |     1 |       ||     1
       Horn of Geryon    |       |       |       |       |       |       |     1 ||     1
  Use: Potion            |     1 |       |     1 |     2 |     6 |     7 |    10 ||    27
       Scroll            |       |       |       |     2 |    13 |     7 |       ||    22
Armor: Robe              |     1 |       |       |     8 |     6 |    38 |       ||    53
       Quicksilver drago |       |       |       |       |       |    41 |    40 ||    81
Dodge: Dodged            |     4 |       |     9 |    17 |    22 |    74 |    29 ||   155
Block: Other             |       |       |       |     6 |     4 |       |       ||    10
       Reflection        |       |       |       |     1 |     1 |       |       ||     2

Table legend: (Time is in decaauts) A = Elapsed time spent in this place. B = Non-inter-level travel time spent in this place. C = Inter-level travel time spent in this place. D = Time resting spent in this place. E = Time spent auto-exploring this place. F = Levels seen in this place. G = Mean time per level. A B C D E F G +--------+--------+--------+--------+--------+-----+--------+ Total | 15087 | 15087 | 0 | 10156 | 14 | 1 | 15087.0 | Dungeon | 15087 | 15087 | 0 | 10156 | 14 | 1 | 15087.0 | +--------+--------+--------+--------+--------+-----+--------+

Top non-repeatable levels by time:
       D: 15087 daAuts
